AoeStats
← Leonardo

African Clearing

510448490Analyzed
3v3 RM · 24h ago on Oct 1, 2026· 41m 21s· 6 players
Game mode
Random Map
Map size
Normal (6 player)
Population
200
Speed
Normal
Resources
Standard
Victory
Conquest
Starting age
Dark Age
Ending age
Imperial Age
RankedLock teamsTeams togetherTeam positionsShared explorationLock speedFull tech treeHidden civsTurbo modeCheats
Victory
Defeat
🇵🇪 Spanish · Peru
1366
+14
🇦🇷 Mongols · Argentina
1351
+15
🇹🇼 Slavs · Taiwan
1234
+20
🇨🇱 Franks · Chile
1339
-17
🇨🇱 Gurjaras · Chile
1336
-17
🇨🇱 Huns · Chile
1298
-15
Mancodios
6:23 Loom
13:12 Feudal Age
15:25 Forging
16:02 Double-Bit Axe
16:46 Scale Barding Armor
21:20 Castle Age
22:36 Husbandry
28:25 Bloodlines
32:50 Wheelbarrow
36:38 Fletching
38:22 Bow Saw
39:08 Bodkin Arrow
39:35 Hand Cart
40:16 Padded Archer Armor
Gus Dekkers
9:06 Loom
11:31 Feudal Age
14:15 Scale Barding Armor
15:01 Forging
18:19 Fletching
22:12 Castle Age
21:42 Bloodlines
21:55 Double-Bit Axe
33:41 Chain Barding Armor
33:40 Husbandry
Leonardo
9:31 Loom
11:37 Feudal Age
12:43 Double-Bit Axe
16:40 Fletching
24:53 Castle Age
25:04 Scale Barding Armor
27:17 Chain Barding Armor
27:28 Husbandry
30:35 Town Watch
mothersky
3:53 Loom
13:40 Feudal Age
18:41 Castle Age
17:47 Double-Bit Axe
17:59 Horse Collar
23:15 Scale Barding Armor
25:14 Forging
27:26 Bow Saw
29:05 Iron Casting
31:31 Husbandry
35:20 Wheelbarrow
36:23 Chain Barding Armor
37:02 Bloodlines
37:20 Heavy Plow
37:53 Gold Mining
40:03 Gold Shaft Mining
42:45 Imperial Age
KingCobraCar
11:05 Loom
13:45 Feudal Age
27:43 Castle Age
27:15 Forging
27:10 Scale Barding Armor
28:16 Fletching
29:23 Bloodlines
29:45 Scale Barding Armor
tomitom
3:22 Loom
14:52 Feudal Age
20:14 Castle Age
39:46 Padded Archer Armor
Connection lost

Rejoining the realm…

Still unreachable

The connection could not be restored.

Session expired

The server has moved on; the page needs a fresh start.